 Dungeon Crawl Stone Soup version 0.30-a0-55-g90e3122c3a (webtiles) character file.

Game seed: 17312724401488230574

78 jlumianski the Trooper (level 4, -3/35 HPs)
             Began as a Demonspawn Fighter on Sept 9, 2022.
             Slain by a white imp (4 damage)
             ... on level 3 of the Dungeon.
             The game lasted 00:05:54 (1829 turns).

jlumianski the Trooper (Demonspawn Fighter)         Turns: 1829, Time: 00:05:56

Health: -3/35      AC:  9    Str: 18    XL:     4   Next: 15%
Magic:  4/4        EV:  6    Int: 10    God:
Gold:   117        SH:  4    Dex: 12    Spells: 3/3 levels left

rFire   . . .      SeeInvis .    a - +0 war axe
rCold   . . .      Faith    .    c - +0 buckler
rNeg    . . .      Spirit   .    o - +0 chain mail
rPois   .          Reflect  .    (helmet restricted)
rElec   .          Harm     .    (no cloak)
rCorr   .          Rampage  .    (no gloves)
Will    .....                    (no boots)
Stlth   ..........               (no amulet)
HPRegen 0.11/turn                (no ring)
MPRegen 0.09/turn                (no ring)

@: no status effects
A: antennae 1, foul stench 1
a: no special abilities


You were on level 3 of the Dungeon.
You visited 1 branch of the dungeon, and saw 3 of its levels.

You collected 117 gold pieces.

Inventory:

Hand Weapons
 a - a +0 war axe (weapon)
Missiles
 e - 23 stones
 l - 14 poisoned darts (quivered)
 r - 2 boomerangs
Armour
 b - a +0 scale mail
 c - a +0 buckler (worn)
 o - a +0 chain mail (worn)
Scrolls
 h - a scroll of immolation {unknown}
 i - a scroll of fear {unknown}
 j - a scroll of blinking {unknown}
 m - a scroll of butterflies {unknown}
 p - a scroll of poison {unknown}
 q - a scroll of teleportation {unknown}
Potions
 d - a potion of might
 f - a potion of lignification {unknown}
 g - a potion of heal wounds {unknown}
 k - 2 potions of curing {unknown}
 n - a potion of brilliance {unknown}


   Skills:
 + Level 3.5 Fighting
 + Level 2.6 Axes
 + Level 3.3 Armour
 + Level 3.0 Shields


You had 3 spell levels left.
You didn't know any spells.
Your spell library contained the following spells:

 Spells                   Type           Power      Damage    Failure   Level
 Sandblast                Erth           0%         2d4       100%        1
 Passwall                 Tmut/Erth      0%         N/A       100%        2
 Stone Arrow              Conj/Erth      0%         3d7       100%        3
 Fulminant Prism          Conj/Hex       0%         3d6       100%        4
 Iskenderun's Mystic Bla  Conj/Tloc      0%         2d3       100%        4
 Lee's Rapid Deconstruct  Erth           0%         3d5*      100%        5


Dungeon Overview and Level Annotations

Branches:
Dungeon (3/15)

Altars:


Innate Abilities, Weirdness & Mutations

You have a pair of small antennae on your head.
You may rarely emit foul miasma when damaged in melee.


Message History

The white imp grinds its teeth.
Throw: 16 darts (poison)
Press: ? - help, Q - select action, (/) - cycle Shift-Dir - straight line, f - white imp
Aim: a white imp (57% to hit)
You throw a poisoned dart. The poisoned dart hits the white imp.
Throw: 15 darts (poison)
Press: ? - help, Q - select action, (/) - cycle Shift-Dir - straight line, f/p - white imp
Aim: a white imp (57% to hit)
You throw a poisoned dart. The poisoned dart hits the white imp.
The white imp gestures at you. The puff of frost hits you!
The white imp gestures at you. The puff of frost hits you!
The white imp summons a swarm of flies.
The white imp hits you but does no damage.
You hit the white imp.
The white imp is moderately wounded.
The white imp hits you but does no damage.
You closely miss the white imp.
The white imp is moderately wounded.
The white imp hits you. The white imp freezes you.
The white imp barely misses you.
You closely miss the white imp.
The white imp is moderately wounded.
The white imp gestures at you. The puff of frost hits you.
* * * LOW HITPOINT WARNING * * *
You barely miss the white imp.
The white imp is moderately wounded.
The white imp hits you.
* * * LOW HITPOINT WARNING * * *
The white imp freezes you.
* * * LOW HITPOINT WARNING * * *
You closely miss the white imp.
The white imp is moderately wounded.
The white imp hits you but does no damage.
The white imp hits you.
* * * LOW HITPOINT WARNING * * *
The white imp freezes you.
You die...

#.#.#......#####.###
.................
.#.#.#.#...#######.#
...........#
#.#.#.#.#..#
.........#
.#.#.#.#.#.#
..........##
#.#.#.#@#.#
.......5.##
.#.#.#.#.#
.......(## #.#.#.#(
. . ...# #.#. ...#


You could see a white imp.

Vanquished Creatures
  Jessica (D:2)
  2 adders
  A worm (D:2)
  An orc (D:3)
  2 bats (D:1)
  An endoplasm (D:2)
  2 giant cockroaches
  4 goblins (D:1)
  3 hobgoblins
  3 kobolds
  3 quokkas
  A ball python (D:2)
  2 frilled lizards (D:1)
  4 rats
30 creatures vanquished.

Vanquished Creatures (others)
  A plant (D:3)
1 creature vanquished.

Grand Total: 31 creatures vanquished

Notes
Turn   | Place    | Note
-------+----------+-------------------------------------------
     0 | D:1      | jlumianski the Demonspawn Fighter began the quest for the
                  | Orb.
     0 | D:1      | Reached XP level 1. HP: 18/18 MP: 1/1
   165 | D:1      | Gained mutation: You may rarely emit foul miasma when
                  | damaged in melee. [demonic ancestry]
   165 | D:1      | Reached XP level 2. HP: 22/24 MP: 2/2
   670 | D:1      | Found a faded altar of an unknown god.
   722 | D:1      | Reached XP level 3. HP: 22/29 MP: 3/3
  1022 | D:2      | Noticed Jessica
  1031 | D:2      | Killed Jessica
  1244 | D:2      | Gained mutation: You have a pair of small antennae on your
                  | head. [demonic ancestry]
  1244 | D:2      | Reached XP level 4. HP: 32/35 MP: 4/4
  1829 | D:3      | HP: 1/35 [white imp (2)]
  1829 | D:3      | Slain by a white imp

Illustrated notes

Levels and vault maps discovered:
D:1:      mainiacjoe_arrival_reflecting_pool, layout_basic,
          shapermc_ecumenical_altar_notcrosses
D:2:      layout_loops_cross, uniq_jessica
D:3:      layout_basic, elyvilon_altar_5, hex_large,
          ebering_dispersal_statue_hall, serial_bayou_ford_a

Skill      XL: |  1  2 |
---------------+-------+-----
Axes           | 2 |  2.6
Armour         | 3 |  3.3
Shields        | 3 |  3.0
Fighting       | |  3.5

Action                   |  1- 3 |  4- 6 || total
-------------------------+-------+-------++-------
Melee: War axe           |    77 |    14 ||    91
Throw: Dart              |       |     2 ||     2
Armor: Scale mail        |    35 |       ||    35
       Chain mail        |       |     5 ||     5
Dodge: Dodged            |    38 |     5 ||    43
Block: Buckler           |    12 |     2 ||    14

Table legend: (Time is in decaauts)
 A = Elapsed time spent in this place.
 B = Non-inter-level travel time spent in this place.
 C = Inter-level travel time spent in this place.
 D = Time resting spent in this place.
 E = Time spent auto-exploring this place.
 F = Levels seen in this place.
 G = Mean time per level.
                   A        B        C        D        E       F      G
               +--------+--------+--------+--------+--------+-----+--------+
         Total |   1869 |   1827 |     42 |    128 |   1196 |   3 |  623.0 |
       Dungeon |   1869 |   1827 |     42 |    128 |   1196 |   3 |  623.0 |
               +--------+--------+--------+--------+--------+-----+--------+

Top non-repeatable levels by time:
     D:2: 912 daAuts
     D:1: 842 daAuts
     D:3: 114 daAuts
